 Dungeon Crawl Stone Soup version 0.22-a0-570-g58866f5 (webtiles) character file.

205 Hebeh the Chopper (level 5, -2/47 HPs)
             Began as a Minotaur Fighter on June 30, 2018.
             Slain by a slave (5 damage)
             ... led by Pikel
             ... on level 4 of the Dungeon.
             The game lasted 00:05:03 (3266 turns).

Hebeh the Chopper (Minotaur Fighter)                Turns: 3266, Time: 00:05:04

Health: -2/47      AC:  8    Str: 21    XL:     5   Next: 53%
Magic:  4/4        EV:  7    Int:  5    God:
Gold:   147        SH:  9    Dex: 10    Spells: 4/4 levels left

rFire    . . .     SeeInvis .   a - +0 war axe
rCold    + . .     Gourm    .   c - +0 shield
rNeg     . . .     Faith    .   b - +0 scale mail
rPois    .         Spirit   .   (helmet restricted)
rElec    .         Reflect  .   u - +0 cloak
rCorr    .         Harm     .   (no gloves)
MR       .....                  (no boots)
Stlth    ..........             (no amulet)
HPRegen  0.15/turn              n - ring of protection from cold
MPRegen  0.09/turn              (no ring)

@: no status effects
A: retaliatory headbutt, horns 2
a: no special abilities


You were on level 4 of the Dungeon.
You were not hungry.

You visited 1 branch of the dungeon, and saw 4 of its levels.

You collected 147 gold pieces.

Inventory:

Hand Weapons
 a - a +0 war axe (weapon)
Armour
 b - a +0 scale mail (worn)
 c - a +0 shield (worn)
 u - a +0 cloak (worn)
Jewellery
 n - a ring of protection from cold (left hand)
Scrolls
 g - 2 scrolls of amnesia {unknown}
 h - 3 scrolls of remove curse {unknown}
 k - a scroll of noise {unknown}
 l - a scroll of fog {unknown}
 m - 5 scrolls of teleportation {unknown}
 o - a scroll of blinking {unknown}
 p - a scroll of random uselessness {unknown}
 q - a scroll of identify {unknown}
 r - 2 scrolls of immolation {unknown}
Potions
 d - 2 potions of might
 e - a potion of mutation {unknown}
 i - a potion of cancellation {unknown}
 j - 2 potions of agility {unknown}
 s - a potion of ambrosia {unknown}
 t - a potion of brilliance {unknown}
 w - a potion of haste {unknown}
Comestibles
 f - 10 rations
 v - 2 chunks of flesh


   Skills:
 + Level 4.7 Fighting
 * Level 4.8 Axes
 + Level 4.6 Armour
 + Level 4.6 Shields


You had 4 spell levels left.
You didn't know any spells.
Your spell library was empty.

Dungeon Overview and Level Annotations

Branches:
Dungeon (4/15)             Temple (0/1) D:4

Altars:
Fedhas
Makhleb
Wu Jian
Zin

Annotations:
D:4 Pikel


Innate Abilities, Weirdness & Mutations

You reflexively headbutt those who attack you in melee.
You have a pair of horns on your head.


Message History

Pikel is moderately wounded.
You closely miss the slave. The slave hits you but does no damage.
Pikel hits you with a whip of electrocution.
The slave hits you.
You hit Pikel.
Pikel is heavily wounded.
You barely miss the slave. You hit the slave.
A worker ant comes into view.
The slave barely misses you.
Pikel hits you with a whip of electrocution.
You are electrocuted!
* * * LOW HITPOINT WARNING * * *
The slave hits you!
* * * LOW HITPOINT WARNING * * *
You block Pikel's attack.
You hit Pikel.
Pikel is heavily wounded.
Your shield prevents you from hitting the slave.
You barely miss the slave. The slave hits you.
You die...

...................#..
#...........######....
...........## ##..#
#........#######...
###..###...........
#.## ###......... #.#
#.........
##.#####..........
#@p...............
#.Kpp##.............
#...... ...........#
.....................
......!..?#...
.......a...## ..
#.....#.#.##
##....#...#


You could see Pikel, 3 slaves and a worker ant.

Vanquished Creatures
  Crazy Yiuf (D:2)
  A hound (D:4)
  Jessica (D:2)
  A worker ant (D:4)
  3 adders
  3 oozes
  2 worms
  3 dart slugs
  A leopard gecko (D:3)
  2 orcs (D:3)
  A bat (D:1)
  3 giant cockroaches
  2 goblins
  8 hobgoblins
  6 kobolds
  3 frilled lizards
  7 rats
48 creatures vanquished.

Notes
Turn   | Place    | Note
-------+----------+-------------------------------------------
     0 | D:1      | Hebeh the Minotaur Fighter began the quest for the Orb.
     0 | D:1      | Reached XP level 1. HP: 19/19 MP: 0/0
   321 | D:1      | Reached XP level 2. HP: 27/27 MP: 1/1
  1142 | D:2      | Found a runed door.
  1197 | D:2      | Found a glowing silver altar of Zin.
  1197 | D:2      | Found a burning altar of Makhleb.
  1198 | D:2      | Noticed a green death
  1198 | D:2      | Noticed an angel
  1353 | D:2      | Reached XP level 3. HP: 32/33 MP: 2/2
  1421 | D:2      | Found a blossoming altar of Fedhas.
  1471 | D:2      | Noticed Jessica
  1477 | D:2      | Killed Jessica
  1963 | D:2      | Reached XP level 4. HP: 40/40 MP: 3/3
  2071 | D:2      | Noticed Crazy Yiuf
  2083 | D:2      | Killed Crazy Yiuf
  2806 | D:3      | Reached XP level 5. HP: 47/47 MP: 4/4
  2906 | D:3      | Found an ornate altar of the Wu Jian Council.
  3091 | D:4      | Found a staircase to the Ecumenical Temple.
  3255 | D:4      | Noticed a slave
  3255 | D:4      | Noticed a slave
  3258 | D:4      | Noticed Pikel
  3261 | D:4      | Noticed a slave
  3262 | D:4      | Noticed a slave
  3266 | D:4      | Slain by a slave

Vault maps used:
D:1:      evilmike_arrival_run_for_it, serial_curves, eino_curves_02,
          eino_curves_02, eino_curves_02
D:2:      grunt_temple_overflow_order_and_chaos_2, fedhas_altar_fruit_tree,
          uniq_crazy_yiuf_cottage, uniq_jessica
D:3:      lemuel_doored_altar
D:4:      minmay_temple_entry_large_hall, first_ration, minmay_misc_feat_room,
          uniq_pikel

Skill      XL: |  1  2  3  4 |
---------------+-------------+-----
Axes           | 3 4 |  4.8
Fighting       | 4 |  4.7
Armour         | 4 |  4.6
Shields        | 4 |  4.6

Action                   |  1- 3 |  4- 6 || total
-------------------------+-------+-------++-------
Melee: War axe           |    67 |    66 ||   133
       Headbutt          |    14 |     7 ||    21
  Eat: Chunk             |     2 |     5 ||     7
Armor: Scale mail        |    22 |    20 ||    42
Dodge: Dodged            |    19 |    21 ||    40
Block: Shield            |    34 |    42 ||    76

Table legend:
 A = Spawn XP
 B = Non-spawn XP
 C = Spawn XP percentage of total XP
 D = Spawn monster count
 E = Non-spawn monster count
 F = Spawn count percentage of total count
 G = Total turns spent on level
                    A         B        C        D         E        F      G
               +---------+---------+-------+---------+---------+-------+---------
         Total |       0 |     294 |   0.0 |       0 |      48 |   0.0 |  3266
               +---------+---------+-------+---------+---------+-------+---------
           D:1 |       0 |      26 |   0.0 |       0 |      13 |   0.0 |  1045
           D:2 |       0 |     126 |   0.0 |       0 |      18 |   0.0 |  1379
           D:3 |       0 |      45 |   0.0 |       0 |      11 |   0.0 |   653
           D:4 |       0 |      97 |   0.0 |       0 |       6 |   0.0 |   189
               +---------+---------+-------+---------+---------+-------+---------
